 Dungeon Crawl Stone Soup version 0.14-a0-2034-gd6cb3fa (webtiles) character file.

345 Bastard the Insei (level 5, -2/41 HPs)
             Began as a Demonspawn Monk on Jan 20, 2014.
             Killed by divine providence
             ... invoked by an orc priest
              (11 damage)
             ... on Level 3 of the Dungeon.
             The game lasted 00:05:03 (3468 turns).

Bastard the Insei (Demonspawn Monk)                 Turns: 3468, Time: 00:05:04

HP  -2/41        AC  4     Str 11      XL: 5   Next: 84%
MP   5/5         EV 13     Int 12      God:
Gold 100         SH  0     Dex 16      Spells:  0 memorised,  4 levels left

rFire  . . .     SeeInvis .       - Unarmed
rCold  . . .     Clarity  .     a - +0 robe
rNeg   . . .     Conserve .     (no shield)
rPois  .         rCorr    .     (no helmet)
rElec  .         rRot     .     (no cloak)
SustAb . .       Spirit   .     (no gloves)
rMut   .         Warding  .     (no boots)
Saprov + . .     Stasis   .     (no amulet)
MR     .....                    (no ring)
                                (no ring)

@: very slightly contaminated, hasted, very quick, not resistant to hostile
enchantments, fairly stealthy
A: yellow scales 1, saprovore 1
a: no special abilities


You were on level 3 of the Dungeon.
You were not hungry.

You visited 1 branch of the dungeon, and saw 4 of its levels.

You collected 100 gold pieces.

Inventory:

Armour
 a - a +0 robe (worn)
Comestibles
 b - 2 bread rations
 h - a meat ration
 m - a chunk of rat flesh
 n - a honeycomb
Scrolls
 c - a scroll of fog {unknown}
 d - a scroll of identify {unknown}
 e - a scroll of curse jewellery {unknown}
 g - a scroll of curse weapon {unknown}
 i - 2 scrolls of enchant weapon II {unknown}
 j - a scroll of fear {unknown}
 k - 3 scrolls of remove curse {unknown}
 l - a scroll of random uselessness {unknown}


   Skills:
 - Level 3.0 Fighting
 - Level 2.6 Dodging
 - Level 1.7 Stealth
 + Level 6.5 Unarmed Combat


You had 4 spell levels left.
You didn't know any spells.

Dungeon Overview and Level Annotations

Branches:
Dungeon (4/16)
 Temple: D:4-7

Altars:
Nemelex Xobeh


Innate Abilities, Weirdness & Mutations

You are partially covered in yellow scales (AC +2).
You can tolerate rotten meat.


Message History

The orc priest closely misses you.
You hit the orc priest.
The orc priest is heavily wounded.
You hit the orc priest.
The orc priest is severely wounded.
The orc priest hits you but does no damage.
You barely miss the orc priest.
The orc priest is severely wounded.
You barely miss the orc priest.
The orc priest is severely wounded.
You closely miss the orc priest.
The orc priest is severely wounded.
The orc priest closely misses you.
You hit the orc priest. Your punch misses the orc priest.
The orc priest is almost dead.
You closely miss the orc priest.
The orc priest is almost dead.
The orc priest calls down the wrath of Beogh upon you.
Something smites you!
You die...

#..###.# ..#
#.# #.# ...#
.## #.# #.#
##.# . #.# #.#
#.....# #.# #.#
#.##### # # #.#
#.# #.# . .. ..
..# #.# #.#
.... .#######.#
#.# #.#.
.##......# #.#
#.##.#.
o##@###### #..
.....o#.##o#
###
#.##.......o. #
##..:.....##.##
..
........o.##.#
.#
##.#####o.##.#
.# #.#
#.......# .#
#.# #.#####.#
.#####.###.#
#...


You could see 2 orc priests.

Vanquished Creatures
  An iguana (D:4)
  2 orc wizards (D:3)
  A worker ant (D:4)
  A hound skeleton (D:4)
  3 adders (D:2)
  A worm (D:2)
  An iguana skeleton (D:4)
  3 giant geckos
  An ooze (D:2)
  12 orcs
  3 giant cockroaches (D:1)
  8 hobgoblins
  7 jackals
  A ball python skeleton (D:4)
  9 bats
  2 giant newts
  8 goblins
  9 kobolds
  5 rats
78 creatures vanquished.

Notes
Turn   | Place    | Note
--------------------------------------------------------------
     0 | D:1      | Bastard, the Demonspawn Monk, began the quest for the Orb.
     0 | D:1      | Reached XP level 1. HP: 18/18 MP: 1/1
   251 | D:1      | Reached skill level 4 in Unarmed Combat
   251 | D:1      | Gained mutation: You are partially covered in yellow scales (AC +2). [demonic ancestry]
   251 | D:1      | Reached XP level 2. HP: 16/24 MP: 2/2
   964 | D:2      | Reached XP level 3. HP: 29/29 MP: 3/3
  1628 | D:2      | Reached skill level 5 in Unarmed Combat
  1946 | D:2      | Reached XP level 4. HP: 35/35 MP: 4/4
  2434 | D:3      | Gained mutation: You can tolerate rotten meat. [demonic ancestry]
  2434 | D:3      | Reached XP level 5. HP: 23/41 MP: 5/5
  2848 | D:4      | Reached skill level 6 in Unarmed Combat
  3366 | D:3      | Found a sparkling altar of Nemelex Xobeh.
  3468 | D:3      | Killed from afar by an orc priest

Action                   |  1- 3 |  4- 6 || total
-------------------------+-------+-------++-------
Melee: Unarmed           |   164 |   182 ||   346
  Use: Potion            |       |     1 ||     1
 Stab: Sleeping          |     6 |     1 ||     7
